3L
GREENVILLE 84S @ KINGSTON TOWNSHIP LEGION
08/02/2033
 
TOP OF THE 1ST
Greenville 84s batting - Pitching for Kingston Township Legion : RHP Stanley Kent
Pitching: RHP Stanley Kent
Batting: SHB Jorge Barrios 0-0: Bunted foul
0-1: Called Strike
0-2: Ball
1-2: Foul Ball, location: 2F
1-2: Ball
2-2: Ball
3-2: Base on Balls
Batting: RHB Jesús Torres 0-0: Ball
1-0: Foul Ball, location: 2F
1-1: Called Strike
1-2: Grounds into double play, 5-4-3 (Groundball, 5)
Batting: RHB Thom Beach 0-0: Ball
1-0: Ball
2-0: Foul Ball, location: 2F
2-1: Called Strike
2-2: Ball
3-2: Foul Ball, location: 2F
3-2: Ground out 6-3 (Groundball, 6)
Top of the 1st over - 0 runs, 0 hits, 0 errors, 0 left on base; Greenville 0 - Kingston Township 0
BOTTOM OF THE 1ST
Kingston Township Legion batting - Pitching for Greenville 84s : RHP Neil Franson
Pitching: RHP Neil Franson
Batting: RHB Juanito González 0-0: Foul Ball, location: 2F
0-1: Foul Ball, location: 2F
0-2: Ball
1-2: SINGLE (Line Drive, 6MD)
Batting: RHB EP Weston 0-0: Called Strike
0-1: Called Strike
0-2: Strikes out swinging
Batting: RHB José Icaza 0-0: Called Strike
Juanito González steals 2nd base
0-1: Foul Ball, location: 2F
0-2: Ball
1-2: Fly out, F7 (Flyball, 78D)
Batting: LHB Terrence Eler 0-0: Ground out 6-3 (Groundball, 6M)
Bottom of the 1st over - 0 runs, 1 hit, 0 errors, 1 left on base; Greenville 0 - Kingston Township 0
TOP OF THE 2ND
Greenville 84s batting - Pitching for Kingston Township Legion : RHP Stanley Kent
Batting: LHB Miguel Gazivoda 0-0: Ball
1-0: Ball
2-0: Ball
3-0: Base on Balls
Batting: RHB Edgar Baeza 0-0: Ball
1-0: DOUBLE (Flyball, 8LXD)
Miguel Gazivoda to third
Batting: LHB Danny Trautmann 0-0: Foul Ball, location: 2F
0-1: DOUBLE (Line Drive, 7LM)
Miguel Gazivoda scores
Edgar Baeza scores
Batting: LHB Ijsbrand Erkelens 0-0: Swinging Strike
0-1: Ball
1-1: SINGLE (Groundball, 34D)
Danny Trautmann to third
Batting: LHB Ron Stewart 0-0: Called Strike
0-1: Swinging Strike
0-2: Ball
1-2: Foul Ball, location: 2F
1-2: Fly out, F7 (Line Drive, 7)
Runner from 3rd tags up, SCORES, throw made
Batting: LHB Tim Stinson 0-0: Called Strike
0-1: Ball
1-1: Ball
2-1: Foul Ball, location: 2F
2-2: Fly out, F8 (Flyball, 89D)
Batting: SHB Jorge Barrios 0-0: Called Strike
0-1: Ball
1-1: Ball
2-1: Ball
3-1: DOUBLE (Flyball, 89XD)
Ijsbrand Erkelens to third
Batting: RHB Jesús Torres 0-0: Called Strike
0-1: Ground out 6-3 (Groundball, 6)
Top of the 2nd over - 3 runs, 4 hits, 0 errors, 2 left on base; Greenville 3 - Kingston Township 0
BOTTOM OF THE 2ND
Kingston Township Legion batting - Pitching for Greenville 84s : RHP Neil Franson
Batting: RHB Scott Robertson 0-0: Swinging Strike
0-1: Fly out, F8 (Flyball, 8LXD)
Batting: RHB Alfredo Cardenas 0-0: Ground out 5-3 (Groundball, 56)
Batting: RHB Júlio Rodríguez 0-0: Ball
1-0: Ball
2-0: Ball
3-0: Called Strike
3-1: Ground out 4-3 (Groundball, 34)
Bottom of the 2nd over - 0 runs, 0 hits, 0 errors, 0 left on base; Greenville 3 - Kingston Township 0
TOP OF THE 3RD
Greenville 84s batting - Pitching for Kingston Township Legion : RHP Stanley Kent
Batting: RHB Thom Beach 0-0: Ball
1-0: Ball
2-0: Called Strike
2-1: Ball
3-1: Called Strike
3-2: Base on Balls
Batting: LHB Miguel Gazivoda 0-0: Ball
1-0: Ball
2-0: Ball
3-0: Base on Balls
Thom Beach to second
Batting: RHB Edgar Baeza 0-0: Ball
1-0: Foul Ball, location: 2F
1-1: Swinging Strike
1-2: Ball
2-2: Strikes out swinging
Batting: LHB Danny Trautmann 0-0: Ball
1-0: Ball
2-0: Called Strike
2-1: DOUBLE (Groundball, 3L)
Thom Beach scores
Miguel Gazivoda to third
Batting: LHB Ijsbrand Erkelens 0-0: Fly out, F7 (Flyball, 7LSF)
Runner from 3rd tags up, SCORES, no throw
Batting: LHB Ron Stewart 0-0: Ball
1-0: Ball
2-0: SINGLE (Groundball, 34D)
Danny Trautmann to third
Runner from 3rd tries for Home, SAFE, no throw
Batting: LHB Tim Stinson 0-0: SINGLE (Line Drive, 9LS)
Ron Stewart to second
Batting: SHB Jorge Barrios 0-0: Called Strike
0-1: Called Strike
0-2: Fielders Choice at 2nd, 5-4 (Groundball, 56)
Top of the 3rd over - 3 runs, 3 hits, 0 errors, 2 left on base; Greenville 6 - Kingston Township 0
BOTTOM OF THE 3RD
Kingston Township Legion batting - Pitching for Greenville 84s : RHP Neil Franson
Batting: RHB Dani Trejo 0-0: Called Strike
0-1: Called Strike
0-2: SINGLE (Groundball, 6MD)
Batting: RHB Júlio Robles 0-0: Ball
Pickoff Throw to First - Out!
1-0: Called Strike
1-1: Foul Ball, location: 2F
1-2: Ball
2-2: Ball
3-2: Foul Ball, location: 2F
3-2: Ground out U3 (Groundball, 34)
Batting: RHB Juanito González 0-0: Swinging Strike
0-1: Ball
1-1: Ball
2-1: Foul Ball, location: 2F
2-2: Ground out 1-3 (Groundball, 15S)
Bottom of the 3rd over - 0 runs, 1 hit, 0 errors, 0 left on base; Greenville 6 - Kingston Township 0
TOP OF THE 4TH
Greenville 84s batting - Pitching for Kingston Township Legion : RHP Stanley Kent
Batting: RHB Jesús Torres 0-0: Ball
1-0: Ball
2-0: Fly out, F4 (Popup, 4S)
Batting: RHB Thom Beach 0-0: Ground out 5-3 (Groundball, 56S)
Batting: LHB Miguel Gazivoda 0-0: Fly out, F9 (Flyball, 9LM)
Top of the 4th over - 0 runs, 0 hits, 0 errors, 0 left on base; Greenville 6 - Kingston Township 0
BOTTOM OF THE 4TH
Kingston Township Legion batting - Pitching for Greenville 84s : RHP Neil Franson
Batting: RHB EP Weston 0-0: Ball
1-0: Fly out, F8 (Flyball, 78D)
Batting: RHB José Icaza 0-0: Called Strike
0-1: Foul Ball, location: 2F
0-2: Ball
1-2: Strikes out swinging
Batting: LHB Terrence Eler 0-0: Ball
1-0: Called Strike
1-1: Foul Ball, location: 2F
1-2: SOLO HOME RUN (Flyball, 9LD), Distance : 376 ft
Batting: RHB Scott Robertson 0-0: Ball
1-0: Ball
2-0: Called Strike
2-1: Foul Ball, location: 2F
2-2: Strikes out swinging
Bottom of the 4th over - 1 run, 1 hit, 0 errors, 0 left on base; Greenville 6 - Kingston Township 1
TOP OF THE 5TH
Greenville 84s batting - Pitching for Kingston Township Legion : RHP Stanley Kent
Batting: RHB Edgar Baeza 0-0: Ground out 4-3 (Groundball, 4)
Batting: LHB Danny Trautmann 0-0: Ball
1-0: Called Strike
1-1: Foul Ball, location: 2F
1-2: Strikes out swinging
Batting: LHB Ijsbrand Erkelens 0-0: Ground out 5-3 (Groundball, 56S)
Top of the 5th over - 0 runs, 0 hits, 0 errors, 0 left on base; Greenville 6 - Kingston Township 1
BOTTOM OF THE 5TH
Kingston Township Legion batting - Pitching for Greenville 84s : RHP Neil Franson
Batting: RHB Alfredo Cardenas 0-0: Ball
1-0: Ball
2-0: Fly out, F9 (Flyball, 9LD)
Batting: RHB Júlio Rodríguez 0-0: Ball
1-0: Ground out 4-3 (Groundball, 4)
Batting: RHB Dani Trejo 0-0: Called Strike
0-1: Ball
1-1: Foul Ball, location: 2F
1-2: Foul Ball, location: 2F
1-2: Ground out 3-1 (Groundball, 34S)
Bottom of the 5th over - 0 runs, 0 hits, 0 errors, 0 left on base; Greenville 6 - Kingston Township 1
TOP OF THE 6TH
Greenville 84s batting - Pitching for Kingston Township Legion : RHP Stanley Kent
Batting: LHB Ron Stewart 0-0: Ball
1-0: Foul Ball, location: 2F
1-1: Called Strike
1-2: Ground out 4-3 (Groundball, 4)
Batting: LHB Tim Stinson 0-0: Foul Ball, location: 2F
0-1: Foul Ball, location: 2F
0-2: Fly out, F8 (Flyball, 89M)
Batting: SHB Jorge Barrios 0-0: Ball
1-0: Called Strike
1-1: Ball
2-1: Foul Ball, location: 2F
2-2: Foul Ball, location: 2F
2-2: Strikes out swinging
Top of the 6th over - 0 runs, 0 hits, 0 errors, 0 left on base; Greenville 6 - Kingston Township 1
BOTTOM OF THE 6TH
Kingston Township Legion batting - Pitching for Greenville 84s : RHP Neil Franson
Batting: RHB Júlio Robles 0-0: Called Strike
0-1: Called Strike
0-2: Strikes out swinging
Batting: RHB Juanito González 0-0: Called Strike
0-1: Foul Ball, location: 2F
0-2: DOUBLE (Line Drive, 7LM)
Batting: RHB EP Weston 0-0: Called Strike
0-1: Foul Ball, location: 2F
0-2: Strikes out looking
Batting: RHB José Icaza 0-0: Ball
1-0: Ground out 5-3 (Groundball, 56)
Bottom of the 6th over - 0 runs, 1 hit, 0 errors, 1 left on base; Greenville 6 - Kingston Township 1
TOP OF THE 7TH
Greenville 84s batting - Pitching for Kingston Township Legion : RHP Stanley Kent
Batting: RHB Jesús Torres 0-0: Swinging Strike
0-1: SINGLE (Groundball, 6MD)
Batting: RHB Thom Beach 0-0: Ball
1-0: 2-RUN HOME RUN (Flyball, 9D), Distance : 413 ft
Pitching: RHP Jeff Arocha
Batting: LHB Miguel Gazivoda 0-0: Ball
1-0: Foul Ball, location: 2F
1-1: Ball
2-1: Foul Ball, location: 2F
2-2: SOLO HOME RUN (Flyball, 9LD), Distance : 371 ft
Batting: RHB Edgar Baeza 0-0: Called Strike
0-1: SINGLE (Groundball, 6MD)
Batting: LHB Danny Trautmann 0-0: Swinging Strike
0-1: Swinging Strike
0-2: Foul Ball, location: 2F
0-2: Ball
1-2: Foul Ball, location: 2F
1-2: Fly out, F9 (Flyball, 9S)
Batting: LHB Ijsbrand Erkelens 0-0: SINGLE (Line Drive, 34)
Edgar Baeza to second
Pitching: RHP Noburo Oishi
Batting: LHB Ron Stewart 0-0: Called Strike
0-1: Swinging Strike
0-2: Foul Ball, location: 2F
0-2: Foul Ball, location: 2F
0-2: Ball
1-2: SINGLE (Line Drive, 8RS)
Edgar Baeza to third
Ijsbrand Erkelens to second
Batting: LHB Tim Stinson 0-0: Called Strike
0-1: Swinging Strike
0-2: Ball
1-2: Ball
2-2: Foul Ball, location: 2F
2-2: Strikes out swinging
Batting: SHB Jorge Barrios 0-0: Ball
1-0: Ball
2-0: Ball
Wild Pitch!
Edgar Baeza scores
Ijsbrand Erkelens to third
Ron Stewart to second
3-0: Base on Balls
Batting: RHB Jesús Torres 0-0: Called Strike
0-1: Ball
1-1: Swinging Strike
1-2: Ball
2-2: Foul Ball, location: 2F
2-2: Strikes out looking
Top of the 7th over - 4 runs, 6 hits, 0 errors, 3 left on base; Greenville 10 - Kingston Township 1
BOTTOM OF THE 7TH
Kingston Township Legion batting - Pitching for Greenville 84s : RHP Neil Franson
Batting: LHB Terrence Eler 0-0: Foul Ball, location: 2F
0-1: Foul Ball, location: 2F
0-2: Hit by Pitch
Batting: RHB Scott Robertson 0-0: Ball
1-0: Called Strike
1-1: Foul Ball, location: 2F
1-2: Foul Ball, location: 2F
1-2: Strikes out swinging
Batting: RHB Alfredo Cardenas 0-0: Ball
1-0: Called Strike
1-1: Foul Ball, location: 2F
1-2: Grounds into double play, 4-6-3 (Groundball, 4M)
Bottom of the 7th over - 0 runs, 0 hits, 0 errors, 0 left on base; Greenville 10 - Kingston Township 1
TOP OF THE 8TH
Greenville 84s batting - Pitching for Kingston Township Legion : RHP Noburo Oishi
Batting: RHB Thom Beach 0-0: Called Strike
0-1: Called Strike
0-2: Fly out, F8 (Flyball, 8LXD)
Pitching: RHP Mick Alston
Batting: LHB Miguel Gazivoda 0-0: Called Strike
0-1: Ball
1-1: Ball
2-1: Foul Ball, location: 2F
2-2: Ground out 4-3 (Groundball, 4)
Batting: RHB Edgar Baeza 0-0: Ball
1-0: Ball
2-0: Called Strike
2-1: Foul Ball, location: 2F
2-2: SINGLE (Line Drive, 78S)
Batting: LHB Danny Trautmann 0-0: Ball
1-0: Ball
2-0: Called Strike
2-1: Fly out, F8 (Flyball, 8LS)
Top of the 8th over - 0 runs, 1 hit, 0 errors, 1 left on base; Greenville 10 - Kingston Township 1
BOTTOM OF THE 8TH
Kingston Township Legion batting - Pitching for Greenville 84s : RHP Neil Franson
Batting: RHB Júlio Rodríguez 0-0: Ball
1-0: Ball
2-0: Called Strike
2-1: Ball
3-1: Foul Ball, location: 2F
3-2: Foul Ball, location: 2F
3-2: Ground out 5-3 (Groundball, 56S)
Pitching: RHP Eduardo Capata
Batting: RHB Dani Trejo 0-0: Called Strike
0-1: Called Strike
0-2: Ball
1-2: Ground out 6-3 (Groundball, 6)
Batting: RHB Júlio Robles 0-0: Foul Ball, location: 2F
0-1: SINGLE (Popup, 3D)
Batting: RHB Juanito González 0-0: Ball
1-0: Foul Ball, location: 2F
1-1: Fielders Choice at 2nd, 6-4 (Groundball, 56)
Bottom of the 8th over - 0 runs, 1 hit, 0 errors, 1 left on base; Greenville 10 - Kingston Township 1
TOP OF THE 9TH
Greenville 84s batting - Pitching for Kingston Township Legion : RHP Mick Alston
Pitching: RHP John Riggleman
Now in CF: Dong-jin Kim
Batting: LHB Ijsbrand Erkelens 0-0: Foul Ball, location: 2F
0-1: Hit by Pitch
Batting: LHB Ron Stewart 0-0: Ground out 4-3 (Groundball, 4S)
Ijsbrand Erkelens to second
Batting: LHB Tim Stinson 0-0: Swinging Strike
0-1: Ball
1-1: Ground out 6-3 (Groundball, 6M)
Ijsbrand Erkelens to third
Batting: SHB Jorge Barrios 0-0: Ball
1-0: Ball
2-0: Foul Ball, location: 2F
2-1: Ball
3-1: Called Strike
3-2: Ground out 4-3 (Groundball, 4)
Top of the 9th over - 0 runs, 0 hits, 0 errors, 1 left on base; Greenville 10 - Kingston Township 1
BOTTOM OF THE 9TH
Kingston Township Legion batting - Pitching for Greenville 84s : RHP Eduardo Capata
Batting: RHB EP Weston 0-0: Called Strike
0-1: Ball
1-1: Foul Ball, location: 2F
1-2: Fly out, F7 (Flyball, 78XD)
Batting: RHB José Icaza 0-0: Swinging Strike
0-1: Fly out, F8 (Flyball, 78M)
Batting: LHB Terrence Eler 0-0: Ball
1-0: Fly out, F6 (Popup, 6M)
Bottom of the 9th over - 0 runs, 0 hits, 0 errors, 0 left on base; Greenville 10 - Kingston Township 1
Saturday, December 22nd, 2018 - OOTP Baseball 18.8 Build 76